woodfighter, neutral female scurrid Tourist ------------ ----------. #.....{.....| |..........# ###|..........| |.@....f..|#####...........| |..u......|### |..........| |..)......|# -------.---- |.........| ## ----.-|---- # ################################## --------.------- ------ |.%............| |...*| |...............#####.<..)| |.>............| |....| ---------------- ------ woodfighter the Sightseer Experience level: 5 Strength: 14 Dexterity: 11 Constitution: 13 Intelligence: 14 Wisdom: 10 Charisma: 15 Health: 0(31) Energy: 19(19) Def: 0 Gold: 176 Moves: 2106 Dungeon seed: K4Sy9QfDFIqrq0hV Game ID: woodfighter_1517519336 Your Inventory: Coins $ - 176 gold pieces Amulets B - a cursed amulet of change Weapons a - 49 +2 darts (in quiver) r - 10 blessed +1 darts Armor e - an uncursed +0 Hawaiian shirt (being worn) q - a blessed +2 dwarvish cloak z - an uncursed +0 leather jacket Comestibles b - 6 uncursed tripe rations c - 3 uncursed food rations d - 2 uncursed sprigs of wolfsbane f - an uncursed egg g - an uncursed fortune cookie h - an uncursed tin of lichen M - an uncursed banana Potions O - an uncursed potion of water Wands t - a wand of probing (0:5) D - a wand of lightning (0:4) R - a wand of make invisible (0:5) Tools k - an expensive camera (0:82) n - an uncursed tin opener s - an uncursed bag of holding y - an uncursed credit card W - an uncursed towel Contents of the bag of holding: 1454 gold pieces 2 [uncursed] scrolls of blank paper a [blessed] scroll of blank paper 2 [uncursed] scrolls of create monster a [cursed] scroll of create monster a [uncursed] scroll of enchant weapon a [uncursed] scroll of fire a blessed scroll of magic mapping 3 uncursed scrolls of magic mapping a [uncursed] scroll of remove curse 2 [uncursed] scrolls of scare monster a [uncursed] spellbook of dig a [uncursed] spellbook of drain life a [uncursed] spellbook of magic mapping 2 uncursed potions of extra healing a [blessed] potion of full healing a [cursed] potion of gain energy a [blessed] potion of gain energy 2 [uncursed] potions of gain energy a [blessed] potion of hallucination 2 [uncursed] potions of hallucination a [uncursed] potion of healing a [uncursed] potion of paralysis a [blessed] potion of speed 2 [uncursed] potions of water a [blessed] [+1] ring of adornment a [uncursed] ring of cold resistance a [uncursed] ring of poison resistance a wand of secret door detection (0:12) Spells and supernatural/magical abilities: Name Level Category Fail Memory W - pray for help -- divine ? -- Your skills at the end: Miscellaneous Skills wands [Basic] Weapon Skills dart [Skilled] Spellcasting Skills Final Attributes: You were devoutly aligned. You were telepathic. You had infravision. You were very stealthy. You were lucky. You are dead. Vanquished creatures: a rock mole 3 fog clouds 3 shriekers a black naga hatchling a paper golem a puppy 2 floating eyes a homunculus an iguana a werejackal a gas spore a hobbit 2 geckos 2 hobgoblins 3 giant rats 2 yellow molds 2 garter snakes 7 jackals 2 kobolds 4 newts 2 goblins 2 sewer rats 2 grid bugs 4 lichens a kobold zombie 52 creatures vanquished. Voluntary challenges: You did not adorn yourself with jewelry or accessories. You did not cause conflict. You were not invisible. You did not have reflection. You were not displaced. You were an atheist. You never hit with a wielded weapon. You did not apply a unicorn horn. You did not use plumbed fixtures. You did not drink any magical draughts. You were illiterate. You never genocided any monsters. You never polymorphed an object. You never changed form. You used no wishes. You never split a pudding. You never wrote Elbereth's name. You violated your moral code, losing 1 point of alignment, starting on turn 1909. Dungeon overview: The Dungeons of Doom: levels 1 to 8 Level 1 a fountain a long staircase Level 2 a fountain Level 3 a general store Level 4 stairs to The Gnomish Mines Level 5 ( ) a fountain Level 6 many fountains Level 7 <- You were here a fountain Level 8 a fountain The Gnomish Mines: Level 5 stairs to The Dungeons of Doom History has recorded: On T:1 you entered the Dungeons of Doom to retrieve the Amulet of Yendor! On T:53 you reached level 2 of The Dungeons of Doom. On T:275 you reached level 3 of The Dungeons of Doom. On T:633 you reached level 4 of The Dungeons of Doom. On T:721 you advanced to experience level 2. On T:1054 you reached level 5 of The Dungeons of Doom. On T:1102 you advanced to experience level 3. On T:1123 you reached level 1 of The Gnomish Mines. On T:1429 you advanced to experience level 4. On T:1480 you reached level 6 of The Dungeons of Doom. On T:1783 you advanced to experience level 5. On T:1975 you reached level 7 of The Dungeons of Doom. On T:2008 you reached level 8 of The Dungeons of Doom. Score breakdown: Gold: 1391 ( 139 points) Experience: 5 levels ( 400 points) Exploration: 8 levels ( 210 points) Discoveries: 25 items ( 1250 points) Variety of kills: 25 monsters ( 1250 points) Major goal: (nothing yet) ( 0 points) Survival: died (score multiplied by 3) Total score: 9747 Latest messages: You put a black potion into the bag called holding. (2x) a - a +2 dart (in quiver). You stop. Kitty is in the way! $ - 91 gold pieces. You stop exploring. The black unicorn butts! The black unicorn kicks! The black unicorn butts! The black unicorn kicks! You displace kitty. Kitty misses the black unicorn. (3x) Kitty bites the black unicorn. The black unicorn misses kitty. The black unicorn kicks kitty. You displace kitty. You stop exploring. (8x) You start chewing a hole in the rock. You continue digging. You continue chewing on the rock. You make an opening in the wall. $ - 85 gold pieces. You see here a club. O - a clear potion. The black unicorn butts! The black unicorn kicks! The black unicorn butts! You die... Final status: Aloha woodfighter the Tourist, killed by a black unicorn... You died in The Dungeons of Doom on dungeon level 7 with 9747 points, and 1630 pieces of gold, after 2106 moves. You were level 5 with a maximum of 31 hit points when you died.